 Dungeon Crawl Stone Soup version 0.21-a0-498-g1b60429 (webtiles) character file.

111 rabbitfr the Magician (level 4, -4/32 HPs)
             Began as a Gnoll Wizard on Nov 24, 2017.
             Slain by a gnoll
             ... wielding a +0 whip
              (10 damage)
             ... on level 4 of the Dungeon.
             The game lasted 00:14:52 (1523 turns).

rabbitfr the Magician (Gnoll Wizard)                Turns: 1523, Time: 00:14:54

Health: -4/32      AC:  2    Str:  9    XL:     4   Next: 92%
Magic:  11/13      EV: 14    Int: 21    God:
Gold:   51         SH:  0    Dex: 14    Spells: 16/17 levels left

rFire    . . .     SeeInvis .   g - +2 dagger (drain)
rCold    . . .     Gourm    .   (no shield)
rNeg     . . .     Faith    .   a - +0 robe
rPois    .         Spirit   .   b - +0 hat
rElec    .         Reflect  .   (no cloak)
rCorr    .         Harm     .   (no gloves)
MR       .....                  (no boots)
Stlth    +++.......             (no amulet)
HPRegen  0.10/turn              (no ring)
MPRegen  0.13/turn              (no ring)

@: no status effects
A: distributed training, fangs 1, strong nose
a: no special abilities


You were on level 4 of the Dungeon.
You were not hungry.

You visited 1 branch of the dungeon, and saw 4 of its levels.

You collected 51 gold pieces.

Inventory:

Hand Weapons
 g - a +2 dagger of draining (weapon)
 h - a +1 vampiric dagger
Armour
 a - a +0 robe (worn)
 b - a +0 hat (worn)
Jewellery
 m - an uncursed amulet of harm {unknown}
Scrolls
 e - 3 scrolls of remove curse {unknown}
 f - a scroll of identify {unknown}
 i - 2 scrolls of noise {unknown}
 l - 2 scrolls of immolation {unknown}
 n - a scroll of teleportation {unknown}
 q - a scroll of fear {unknown}
 r - a scroll of enchant weapon {unknown}
 t - a scroll of fog {unknown}
 u - a scroll of blinking {unknown}
Potions
 j - a potion of lignification {unknown}
 k - a potion of ambrosia {unknown}
 p - a potion of mutation {unknown}
Books
 c - a book of Minor Magic

   Spells                             Type                      Level
   a - Magic Dart                     Conjuration                  1
   b - Blink                          Translocation                2
   c - Call Imp                       Summoning                    2
   d - Slow                           Hexes                        2
   e - Conjure Flame                  Conjuration/Fire             3
   f - Mephitic Cloud                 Conjuration/Poison/Air       3
Comestibles
 d - 2 bread rations
 o - 2 meat rations
 s - a chunk of flesh


   Skills:
 + Level 1.2 Fighting
 + Level 1.2 Short Blades
 + Level 1.2 Long Blades
 + Level 1.2 Axes
 + Level 1.2 Maces & Flails
 + Level 1.2 Polearms
 + Level 1.2 Staves
 + Level 1.2 Slings
 + Level 1.2 Bows
 + Level 1.2 Crossbows
 + Level 1.2 Throwing
 + Level 1.2 Armour
 + Level 4.7 Dodging
 + Level 4.3 Stealth
 + Level 1.2 Shields
 + Level 1.2 Unarmed Combat
 + Level 7.2 Spellcasting
 + Level 2.3 Conjurations
 + Level 1.0 Hexes
 + Level 1.0 Charms
 + Level 2.3 Summonings
 + Level 1.0 Necromancy
 + Level 2.3 Translocations
 + Level 1.0 Transmutations
 + Level 1.0 Fire Magic
 + Level 1.0 Ice Magic
 + Level 1.0 Air Magic
 + Level 1.0 Earth Magic
 + Level 1.0 Poison Magic
 + Level 1.4 Invocations
 + Level 1.2 Evocations


You had 16 spell levels left.
You knew the following spells:

 Your Spells              Type           Power        Failure   Level  Hunger
a - Magic Dart            Conj           ###.         3%          1    None


Dungeon Overview and Level Annotations

Branches:
Dungeon (4/15)
 Temple: D:4-7

Altars:

Annotations:
D:2 Natasha
D:3 2 transporters


Innate Abilities, Weirdness & Mutations

Your experience applies equally to all skills.
You have very sharp teeth.
Your uncanny sense of smell can sniff out nearby items.


Message History

The gnoll barely misses you. The gnoll hits you but does no damage.
You hit the gnoll.
You kill the gnoll!
The gnoll hits you. The gnoll hits you. The gnoll hits you.
The gnoll misses you. The gnoll hits you with a whip!
* * * LOW HITPOINT WARNING * * *
Found a stone staircase leading down.
Found a scroll labeled SASIWKOXKA.
There is a stone staircase leading down here.
The gnoll completely misses you. The gnoll barely misses you.
You climb downwards.
You hear the sound of rushing water.
There is an entrance to a sewer on this level.
Hurry and find it before the portal rusts away!
A wyvern zombie comes into view.
There is a stone staircase leading up here.
You can't go down here!
The gnoll hits you with a whip!
You die...

∆ #.. #..
#.. #..
#.. ∆ #..
#####.##
#.....@#
∆
#Z##..gg#
######


You could see 2 gnolls and a wyvern zombie (dormant).

Vanquished Creatures
  Natasha (twice) (D:2)
  A gnoll (D:3)
  An adder (D:3)
  A worm (D:2)
  2 dart slugs
  2 leopard geckos
  5 bats
  A giant cockroach (D:1)
  5 goblins
  6 hobgoblins
  A quokka (D:2)
  2 frilled lizards
  4 kobolds
  2 rats (D:2)
35 creatures vanquished.

Notes
Turn   | Place    | Note
-------+----------+-------------------------------------------
     0 | D:1      | rabbitfr the Gnoll Wizard began the quest for the Orb.
     0 | D:1      | Reached XP level 1. HP: 13/13 MP: 8/8
   145 | D:1      | Reached XP level 2. HP: 15/19 MP: 6/10
   186 | D:1      | You fall through a shaft!
   530 | D:2      | Noticed Natasha
   540 | D:2      | Killed Natasha
   540 | D:2      | Reached skill level 1 in Invocations
   540 | D:2      | Reached XP level 3. HP: 14/25 MP: 11/11
   871 | D:2      | Noticed Natasha
   878 | D:2      | Killed Natasha
   878 | D:2      | Reached skill level 1 in Fighting
   878 | D:2      | Reached skill level 1 in Short Blades
   878 | D:2      | Reached skill level 1 in Long Blades
   878 | D:2      | Reached skill level 1 in Axes
   878 | D:2      | Reached skill level 1 in Maces & Flails
   878 | D:2      | Reached skill level 1 in Polearms
   878 | D:2      | Reached skill level 1 in Staves
   878 | D:2      | Reached skill level 1 in Slings
   878 | D:2      | Reached skill level 1 in Bows
   878 | D:2      | Reached skill level 1 in Crossbows
   878 | D:2      | Reached skill level 1 in Throwing
   878 | D:2      | Reached skill level 1 in Armour
   878 | D:2      | Reached skill level 1 in Shields
   878 | D:2      | Reached skill level 1 in Unarmed Combat
   878 | D:2      | Reached skill level 1 in Evocations
   878 | D:2      | Reached XP level 4. HP: 32/32 MP: 5/13
  1099 | D:2      | Noticed Natasha
  1215 | D:3      | Found a transporter.
  1219 | D:3      | Found a transporter.
  1394 | D:3      | Reached skill level 1 in Hexes
  1394 | D:3      | Reached skill level 1 in Charms
  1394 | D:3      | Reached skill level 1 in Necromancy
  1394 | D:3      | Reached skill level 1 in Transmutations
  1394 | D:3      | Reached skill level 1 in Fire Magic
  1394 | D:3      | Reached skill level 1 in Ice Magic
  1394 | D:3      | Reached skill level 1 in Air Magic
  1394 | D:3      | Reached skill level 1 in Earth Magic
  1394 | D:3      | Reached skill level 1 in Poison Magic
  1523 | D:4      | Slain by a gnoll

Vault maps used:
D:1:      co_arrival_square_in_a_square_in_a_square
D:2:      serial_bayou_lake_a, uniq_natasha
D:3:      nicolae_overflow_crystal_walls, gammafunk_temple_overflow_arena
D:4:      temple_green, portal_sewer_entry_d

Skill      XL: |  1  2  3  4 |
---------------+-------------+-----
Conjurations   | 2 |  2.3
Summonings     | 2 |  2.3
Translocations | 2 |  2.3
Invocations    | 1 |  1.4
Fighting       | 1 |  1.2
Short Blades   | 1 |  1.2
Long Blades    | 1 |  1.2
Axes           | 1 |  1.2
Maces & Flails | 1 |  1.2
Polearms       | 1 |  1.2
Staves         | 1 |  1.2
Slings         | 1 |  1.2
Bows           | 1 |  1.2
Crossbows      | 1 |  1.2
Throwing       | 1 |  1.2
Armour         | 1 |  1.2
Shields        | 1 |  1.2
Unarmed Combat | 1 |  1.2
Evocations     | 1 |  1.2
Hexes          | 1 |  1.0
Charms         | 1 |  1.0
Necromancy     | 1 |  1.0
Transmutations | 1 |  1.0
Fire Magic     | 1 |  1.0
Ice Magic      | 1 |  1.0
Air Magic      | 1 |  1.0
Earth Magic    | 1 |  1.0
Poison Magic   | 1 |  1.0
Dodging        | |  4.7
Stealth        | |  4.3
Spellcasting   | |  7.2

Action                   |  1- 3 |  4- 6 || total
-------------------------+-------+-------++-------
Melee: Unarmed           |     4 |       ||     4
       Dagger            |    20 |    13 ||    33
       Bite              |     1 |     1 ||     2
 Cast: Magic Dart        |    26 |    32 ||    58
 Stab: Sleeping          |     7 |     4 ||    11
  Eat: Chunk             |       |     2 ||     2
Armor: Robe              |     6 |     2 ||     8
Dodge: Dodged            |    34 |    17 ||    51

Table legend:
 A = Spawn XP
 B = Non-spawn XP
 C = Spawn XP percentage of total XP
 D = Spawn monster count
 E = Non-spawn monster count
 F = Spawn count percentage of total count
 G = Total turns spent on level
                    A         B        C        D         E        F      G
               +---------+---------+-------+---------+---------+-------+---------
         Total |       0 |     159 |   0.0 |       0 |      35 |   0.0 |  1523
               +---------+---------+-------+---------+---------+-------+---------
           D:1 |       0 |      14 |   0.0 |       0 |       6 |   0.0 |   186
           D:2 |       0 |     102 |   0.0 |       0 |      20 |   0.0 |  1027
           D:3 |       0 |      43 |   0.0 |       0 |       9 |   0.0 |   309
               +---------+---------+-------+---------+---------+-------+---------
